AoeStats
← 根本赢不了

Arabia

510313125Analyzed
4v4 RM · 19h ago on Sep 30, 2026· 51m 47s· 8 players
Game mode
Random Map
Map size
Large (8 player)
Population
200
Speed
Normal
Resources
Standard
Victory
Conquest
Starting age
Dark Age
Ending age
Imperial Age
RankedLock teamsTeams togetherTeam positionsShared explorationLock speedFull tech treeHidden civsTurbo modeCheats
Victory
Defeat
🇮🇳 Varangians · India
1289
+12
🇮🇳 Britons · India
1196
+16
🇩🇪 Persians · Germany
1188
+16
🇷🇴 Danes · Romania
1124
+19
🇨🇭 Mongols · Switzerland
1218
-17
🇨🇳 Japanese · China
1201
-42
🇨🇳 Wei · China
1184
-15
🇦🇷 Malians · Argentina
1165
-15
一马归一马
6:30 Loom
9:14 Feudal Age
10:34 Double-Bit Axe
16:08 Town Watch
16:05 Horse Collar
18:27 Gold Mining
19:50 Padded Archer Armor
19:45 Fletching
23:00 Castle Age
23:06 Bloodlines
23:05 Scale Barding Armor
23:11 Forging
25:27 Leather Archer Armor
27:01 Thumb Ring
29:48 Wheelbarrow
29:25 Bow Saw
29:17 Heavy Plow
33:16 Stone Mining
34:15 Chain Barding Armor
33:53 Bodkin Arrow
34:01 Husbandry
37:36 Imperial Age
37:11 Ballistics
38:03 Chain Barding Armor
38:19 Iron Casting
38:12 Heavy Hei Guang Cavalry
39:55 Gold Shaft Mining
42:49 Murder Holes
malfoid
5:07 Loom
10:02 Feudal Age
10:52 Double-Bit Axe
17:55 Castle Age
18:35 Crossbowman
24:24 Forging
30:22 Squires
34:20 Imperial Age
33:20 Iron Casting
32:45 Scale Mail Armor
37:30 Chemistry
37:25 Bow Saw
36:58 Horse Collar
39:32 Elite Gbeto
42:08 Chain Mail Armor
Mr. Bolivar
5:54 Loom
8:43 Feudal Age
9:21 Double-Bit Axe
9:18 Horse Collar
22:14 Castle Age
20:47 Scale Barding Armor
20:36 Gold Mining
20:37 Stone Mining
21:41 Bloodlines
22:41 Forging
24:06 Bow Saw
23:58 Heavy Plow
25:15 Wheelbarrow
24:55 Padded Archer Armor
24:46 Fletching
25:35 Gold Shaft Mining
26:01 Leather Archer Armor
26:29 Bodkin Arrow
26:32 Light Cavalry
27:15 Husbandry
27:59 Iron Casting
28:55 Chain Barding Armor
29:52 Stone Shaft Mining
32:08 Hand Cart
36:12 Imperial Age
34:25 Ballistics
37:50 Conscription
38:25 Elite Mangudai
39:58 Bracer
39:56 Hussar
42:31 Blast Furnace
41:37 Thumb Ring
45:36 Caravan
50:10 Chemistry
49:37 Parthian Tactics
根本赢不了
6:21 Loom
8:50 Feudal Age
9:47 Man-at-Arms
10:41 Arson
18:56 Gold Mining
22:32 Castle Age
24:38 Double-Bit Axe
25:33 Horse Collar
26:29 Fletching
30:19 Loom
34:28 Bow Saw
41:22 Gold Shaft Mining
42:05 Wheelbarrow
43:08 Heavy Plow
44:03 Hand Cart
43:33 Town Watch
43:47 Town Watch
48:18 Imperial Age
46:08 Thumb Ring
46:18 Bodkin Arrow
46:24 Padded Archer Armor
46:16 Stone Mining
47:03 Ballistics
47:39 Hand Cart
47:25 Town Patrol
47:56 Leather Archer Armor
49:15 Bracer
50:32 Parthian Tactics
50:40 Ring Archer Armor
50:18 Heavy Cavalry Archer
Castor
5:02 Loom
9:00 Feudal Age
9:45 Horse Collar
11:18 Double-Bit Axe
17:44 Wheelbarrow
20:15 Castle Age
22:03 Heavy Plow
26:44 Bow Saw
28:54 Husbandry
29:02 Gold Mining
30:24 Bloodlines
32:50 Imperial Age
31:15 Hand Cart
31:18 Scale Barding Armor
31:49 Forging
32:48 Chain Barding Armor
32:43 Cavalier
34:29 Savar
36:18 Iron Casting
36:56 Gold Shaft Mining
37:52 Plate Barding Armor
38:45 Blast Furnace
41:55 Town Watch
47:56 Light Cavalry
50:38 Caravan
Telepateu
7:30 Loom
9:32 Feudal Age
10:17 Double-Bit Axe
11:23 Man-at-Arms
21:43 Castle Age
19:48 Scale Mail Armor
19:34 Horse Collar
19:47 Gold Mining
23:12 Forging
23:18 Chain Mail Armor
23:40 Bow Saw
24:36 Squires
25:56 Wheelbarrow
29:05 Iron Casting
31:45 Hand Cart
34:23 Heavy Plow
37:36 Imperial Age
35:10 Stone Mining
37:45 Elite Varangian Guard
38:28 Onager
39:34 Ballistics
39:22 Siege Engineers
40:32 Siege Onager
42:17 Elite Varangian Guard
49:11 Northmen's Fury
50:14 Conscription
BombayGypsy
6:43 Loom
9:13 Feudal Age
9:46 Man-at-Arms
18:47 Town Watch
18:59 Horse Collar
19:48 Double-Bit Axe
20:26 Fletching
26:37 Castle Age
24:50 Gold Mining
25:05 Padded Archer Armor
27:25 Bodkin Arrow
26:54 Crossbowman
27:59 Leather Archer Armor
28:43 Wheelbarrow
29:39 Ballistics
31:44 Hand Cart
32:35 Bow Saw
33:03 Heavy Plow
37:41 Imperial Age
35:55 Stone Mining
38:23 Bracer
38:54 Ring Archer Armor
37:57 Arbalester
39:28 Ring Archer Armor
41:59 Chemistry
42:11 Conscription
44:40 Elite Longbowman
45:43 Yeomen
48:32 Scale Mail Armor
48:42 Forging
49:21 Siege Engineers
49:35 Chain Mail Armor
49:33 Caravan
49:40 Pikeman
51:30 Iron Casting
Lucky23
8:57 Feudal Age
9:43 Double-Bit Axe
11:09 Horse Collar
11:16 Loom
11:55 Bloodlines
18:52 Scale Barding Armor
21:00 Wheelbarrow
23:57 Castle Age
22:50 Forging
25:02 Chain Barding Armor
26:25 Iron Casting
26:11 Bow Saw
30:44 Husbandry
33:26 Hand Cart
36:33 Gold Mining
40:13 Imperial Age
37:39 Vendel Legacy
41:34 Plate Barding Armor
40:21 Cavalier
42:30 Blast Furnace
41:54 Conscription
42:40 Fletching
45:25 Light Cavalry
46:59 Hussar
47:57 Caravan
Connection lost

Rejoining the realm…

Still unreachable

The connection could not be restored.

Session expired

The server has moved on; the page needs a fresh start.